AoeStats
← ToMasa Marinero

Arabia

507858733Analyzed
1v1 RM · 14d ago on Sep 20, 2026· 45m 59s· 2 players
Game mode
Random Map
Map size
Tiny (2 player)
Population
200
Speed
Normal
Resources
Standard
Victory
Conquest
Starting age
Dark Age
Ending age
Imperial Age
RankedLock teamsTeams togetherTeam positionsShared explorationLock speedFull tech treeHidden civsTurbo modeCheats
Victory
Defeat
924
+14
🇨🇴 Magyars · Colombia
887
-14
ToMasa Marinero
6:33 Loom
9:05 Feudal Age
10:59 Double-Bit Axe
25:16 Castle Age
24:45 Gold Mining
25:51 Bloodlines
25:52 Scale Barding Armor
25:57 Padded Archer Armor
26:56 Husbandry
27:21 Bow Saw
27:01 Pikeman
30:17 Wheelbarrow
31:12 Chain Barding Armor
35:57 Stone Mining
36:28 Hand Cart
44:02 Imperial Age
44:28 Cavalier
45:46 Plate Barding Armor
from-the-river-to-the-sea
9:38 Feudal Age
10:09 Loom
10:24 Double-Bit Axe
10:22 Horse Collar
10:33 Gold Mining
14:28 Town Watch
16:32 Scale Mail Armor
19:13 Wheelbarrow
23:19 Castle Age
21:59 Fletching
22:44 Bloodlines
24:07 Husbandry
24:20 Stone Mining
25:35 Scale Barding Armor
27:44 Bow Saw
30:34 Squires
32:28 Chain Mail Armor
32:14 Bodkin Arrow
36:10 Hand Cart
38:27 Stone Shaft Mining
42:27 Imperial Age
40:23 Heavy Plow
39:47 Crossbowman
40:33 Thumb Ring
40:29 Pikeman
41:14 Padded Archer Armor
45:05 Two-Man Saw
44:36 Crop Rotation
43:28 Arbalester
44:23 Bracer
44:10 Halberdier
45:48 Ballistics
46:29 Chemistry
46:35 Leather Archer Armor
Connection lost

Rejoining the realm…

Still unreachable

The connection could not be restored.

Session expired

The server has moved on; the page needs a fresh start.